 Dungeon Crawl Stone Soup version 0.30.1-11-g7821555f0a (webtiles) character file.

Game seed: 5927168338536033852

3 porpoise the Magician (level 1, -1/14 HPs)
             Began as a Demonspawn Wanderer on Dec 9, 2023.
             Slain by a quokka (4 damage)
             ... on level 1 of the Dungeon.
             The game lasted 00:02:48 (369 turns).

porpoise the Magician (Demonspawn Wanderer)          Turns: 369, Time: 00:02:49

Health: -1/14      AC:  4    Str: 10    XL:     1   Next: 41%
Magic:  6/6        EV: 11    Int: 15    God:
Gold:   12         SH:  5    Dex: 12    Spells: 10/10 levels left

rFire   . . .        a - +0 dagger
rCold   . . .        (no shield)
rNeg    . . .        g - +0 leather armour
rPois   .            (no helmet)
rElec   .            (no cloak)
rCorr   .            (no gloves)
SInv    .            d - +0 pair of boots
Will    .....        n - amulet of reflection
Stlth   +            (no ring)
HPRegen 0.22/turn    (no ring)
MPRegen 0.10/turn

%: reflection
@: no status effects
A: no striking features
a: no special abilities


You were on level 1 of the Dungeon.
You visited 1 branch of the dungeon, and saw 1 of its levels.

You collected 12 gold pieces.

Inventory:

Hand Weapons
 a - a +0 dagger (weapon)
 b - a +0 long sword
 h - a +0 war axe
Missiles
 i - 6 atropa-tipped darts (quivered)
Armour
 c - a +0 robe
 d - a +0 pair of boots (worn)
 g - a +0 leather armour (worn)
Jewellery
 n - an amulet of reflection (around neck)
Scrolls
 f - a scroll of blinking {unknown}
 k - a scroll of teleportation {unknown}
 l - a scroll of magic mapping {unknown}
Potions
 e - 3 potions of lignification
 j - a potion of might {unknown}
 m - a potion of degeneration {unknown}


   Skills:
 + Level 0.3 Fighting
 + Level 0.2 Short Blades
 + Level 1.9 Dodging
 - Level 5.0 Spellcasting
 - Level 1.7 Air Magic


You had 10 spell levels left.
You didn't know any spells.
Your spell library contained the following spells:

 Spells                   Type           Power      Damage    Failure   Level
 Shock                    Conj/Air       24%        1d4       16%         1
 Freeze                   Ice            12%        1d3       22%         1
 Sandblast                Erth           6%         2d5       22%         1
 Passwall                 Tmut/Erth      2%         N/A       32%         2
 Vhi's Electric Charge    Tloc/Air       12%        N/A       43%         3


Dungeon Overview and Level Annotations

Branches:
Dungeon (1/15)

Altars:


Message History

Found a ring mail.
No target in view!
Found a stone staircase leading down.
There is a stone staircase leading down here.
You open the door.
Found a stone staircase leading down.
There is an open door here.
There is a stone staircase leading down here.
m - a pink potion You pick your way through the web.
n - an amulet of reflection
There is a web here.
There is a stone staircase leading down here.
A quokka comes into view.
You start putting on your amulet.
You continue putting on your amulet of reflection. x5
You finish putting on your amulet of reflection.
You feel a shielding aura gather around you.
n - an amulet of reflection (around neck)
The quokka twitches its whiskers.
The quokka bites you.
You completely miss the quokka. The quokka closely misses you.
You barely miss the quokka. The quokka closely misses you.
The quokka misses you.
You hit the quokka but do no damage. You block the quokka's attack.
You hit the quokka but do no damage. The quokka closely misses you.
You hit the quokka.
The quokka is heavily wounded.
You block the quokka's attack.
You closely miss the quokka.
The quokka is heavily wounded.
The quokka bites you.
You hit the quokka but do no damage.
The quokka is heavily wounded.
The quokka bites you. x2
* * * LOW HITPOINT WARNING * * *
You barely miss the quokka.
The quokka is heavily wounded.
The quokka bites you.
You die...

.............#
....>........###
.............+.#
+#...........#.#
.#..###......#.###
......#........#..
..........###..#.#
..........# #..#r#
..##......###..#@#
..##......+....#.#
..##......####.#.#
..######### #...#
..# ##### ..#
+#########
.........#
.........#


You could see a quokka.

Vanquished Creatures
  A quokka (D:1)
  A bat (D:1)
  2 rats (D:1)
4 creatures vanquished.

Notes
Turn   | Place    | Note
-------+----------+-------------------------------------------
     0 | D:1      | porpoise the Demonspawn Wanderer began the quest for the
                  | Orb.
     0 | D:1      | porpoise set off with the following items: a +0 dagger, a
                  | potion of lignification, a +0 robe, a +0 pair of boots; and
                  | the following spells available to memorise: Shock, Freeze,
                  | Sandblast, Passwall, Vhi's Electric Charge.
     0 | D:1      | Reached XP level 1. HP: 13/13 MP: 6/6
   369 | D:1      | Slain by a quokka

Illustrated notes

Levels and vault maps discovered:
D:1:      dpeg_arrival_leaves_temple_mockup, layout_basic,
          minmay_misc_feat_plants, corner_web_ring

Action                     || total
---------------------------++-------
  Melee: Dagger            ||    27
 Armour: Leather armour    ||    10
  Dodge: Dodged            ||    15
  Block: Other             ||     2
